Map: Abyssal Reef LE

Players

Railgan

  • Race: Zerg Zerg
  • League: Grandmaster
  • Spawn Location: 11:00

Izanagi - Winner!

  • Race: Protoss Protoss
  • League: Master
  • Spawn Location: 5:00

VOD

Have the link to the VOD?

Description

Time

  • Played on: March 1, 2017, 6:37 p.m.
  • Length: 16:45
Show
View Real Time Build Order
Export as new Build Order

Railgan Zerg 

Build Orders: Hatch First, Swarm Host 

Get SALT Encoding   

  12  0:01  Drone  
  13  0:08  Drone  
  14  0:20  Extractor  
  14  0:21  Drone  
  14  0:24  Extractor, Drone  
  16  0:45  Hatchery  
  15  0:58  Spawning Pool  
  15  1:00  Extractor  
  15  1:02  Drone  
  14  1:10  Overlord  
  14  1:17  Extractor, Drone  
  15  1:28  Drone x2  
  17  1:35  Drone  
  18  1:47  Queen  
  18  1:49  Drone  
  21  1:57  Queen  
  21  1:59  Zergling x2  
  24  2:06  Overlord  
  24  2:09  Drone  
  24  2:13  Drone  
  26  2:19  Metabolic Boost  
  26  2:23  Drone  
  27  2:32  Queen  
  27  2:36  Drone  
  30  2:43  Drone x2  
  32  2:50  Drone  
  32  2:51  Evolution Chamber, Drone  
  31  2:56  Drone  
  31  2:57  Drone  
  34  3:03  Overlord  
  34  3:06  Drone  
  34  3:09  Drone  
  36  3:16  Overlord  
  36  3:17  Zerg Melee Weapons Level 1  
  36  3:22  Zergling x4  
  36  3:25  Drone x2  
  40  3:28  Drone  
  40  3:30  Drone  
  40  3:33  Drone x2  
  44  3:41  Lair  
  44  3:44  Drone x2  
  46  3:49  Extractor  
  46  3:50  Overlord  
  46  3:52  Extractor, Drone  
  46  3:53  Drone  
  46  3:55  Drone  
  47  4:01  Roach Warren  
  46  4:06  Drone x2  
  47  4:14  Drone x2  
  49  4:22  Zergling x10  
  53  4:26  Queen  
  53  4:29  Overlord  
  55  4:36  Overlord  
  55  4:40  Roach, Glial Reconstitution  
  55  4:41  Roach  
  59  4:47  Overlord, Queen  
  59  4:48  Roach  
  59  4:52  Drone  
  64  4:55  Roach  
  64  4:56  Roach  
  68  5:01  Extractor  
  68  5:02  Drone x2  
  68  5:03  Drone  
  70  5:15  Roach x2  
  70  5:16  Zerg Melee Weapons Level 2  
  70  5:18  Zergling x2  
  70  5:21  Roach x2  
  79  5:23  Overseer  
  79  5:30  Hatchery  
  79  5:34  Roach  
  80  5:41  Infestation Pit  
  77  5:43  Drone  
  77  5:45  Zergling x4  
  77  5:49  Drone  
  80  5:54  Drone  
  79  6:11  Zergling x4  
  79  6:14  Overlord  
  79  6:18  Pathogen Glands  
  81  6:20  Zergling x2  
  81  6:21  Zergling x4  
  84  6:31  Overlord  
  84  6:35  Overlord  
  84  6:38  Overlord, Burrow  
  83  6:44  Infestor x4  
  91  6:47  Drone x2  
  91  6:53  Drone x2  
  95  7:01  Zergling x12  
  101  7:12  Infestor x2  
  101  7:14  Drone x2  
  101  7:15  Drone x3  
  110  7:18  Extractor x2, Overlord  
  108  7:23  Baneling Nest  
  108  7:27  Drone x3  
  108  7:29  Hatchery  
  109  7:30  Drone x2  
  109  7:31  Neural Parasite  
  111  7:37  Overlord  
  111  7:38  Drone x3  
  111  7:41  Drone  
  111  7:42  Drone  
  116  7:55  Infestor  
  116  7:56  Infestor  
  116  7:57  Zergling x2  
  116  7:58  Zergling x4  
  123  7:59  Drone x3  
  125  8:06  Zergling x6  
  125  8:07  Overlord, Zergling x2  
  125  8:08  Infestor x8  
  125  8:09  Zerg Ground Armor Level 1  
  129  8:13  Centrifical Hooks  
  129  8:17  Zergling x2  
  129  8:19  Hatchery  
  129  8:26  Zergling x8  
  133  8:30  Baneling x2  
  133  8:31  Baneling x9  
  133  8:32  Zergling x4  
  135  8:35  Zergling x2  
  135  8:36  Zergling x2  
  135  8:39  Overlord x2  
  137  8:47  Pneumatized Carapace  
  137  8:55  Zergling x2  
  138  9:01  Zergling x12  
  121  9:14  Zergling x2  
  121  9:15  Zergling x26  
  113  9:23  Zergling x4  
  111  9:26  Infestor  
  111  9:27  Infestor x2  
  111  9:28  Zergling x2  
  111  9:29  Zergling x4  
  120  9:35  Zergling x2  
  121  9:39  Zergling x14  
  121  9:41  Baneling  
  121  9:42  Baneling x18  
  121  9:43  Zergling x2  
  129  9:49  Hive  
  129  9:51  Zergling x2  
  129  9:52  Zergling x2  
  131  9:53  Overseer  
  131  9:54  Overseer  
  131  9:57  Baneling x6  
  131  10:00  Zergling x4  
  131  10:01  Zergling x4  
  106  10:27  Zergling x14  
  103  10:31  Infestor x2  
  103  10:33  Zergling x8  
  107  10:38  Zergling x2  
  107  10:39  Zergling x22  
  107  10:40  Zergling x2  
  117  10:43  Zergling x2  
  117  10:44  Zergling x4  
  117  10:46  Baneling x4  
  117  10:47  Zergling x2  
  121  10:50  Infestor x2  
  121  10:52  Zergling x4  
  127  11:01  Baneling x5, Overseer  
  127  11:02  Drone x4  
  127  11:03  Zergling x2  
  132  11:07  Ultralisk Cavern  
  132  11:11  Zergling x2  
  131  11:13  Zergling x2  
  131  11:15  Zergling x2  
  131  11:16  Zergling x4  
  135  11:19  Overlord, Hatchery  
  135  11:20  Overlord  
  112  11:43  Swarm Host x3  
  112  11:44  Swarm Host  
  124  11:47  Zergling x6  
  124  11:48  Zergling x10  
  124  11:49  Zergling x2  
  124  11:50  Zergling x2  
  124  11:54  Zergling x4  
  134  11:57  Zergling x4  
  134  12:00  Zergling x2  
  138  12:03  Zergling x6  
  138  12:04  Overseer  
  137  12:22  Zergling x2  
  123  12:25  Zergling x16  
  123  12:27  Zergling x6  
  123  12:29  Zergling x2  
  123  12:31  Zergling x2  
  123  12:35  Zergling x14  
  115  12:37  Zergling x6  
  115  12:40  Queen  
  117  12:48  Ultralisk  
  119  12:53  Zergling x2  
  119  12:54  Zergling x12  
  119  12:59  Zergling x6  
  122  13:08  Zergling x6  
  125  13:23  Overlord  
  125  13:24  Chitinous Plating  
  125  13:27  Zerg Melee Weapons Level 3  
  123  13:38  Overseer  
  122  13:47  Ultralisk  
  128  14:01  Infestor x2  
  132  14:03  Overlord x2  
  132  14:07  Hatchery, Overlord  
  131  14:23  Extractor  
  130  14:33  Ultralisk x3  
  130  14:37  Baneling x6  
  137  14:54  Zergling x2  
  137  14:59  Ultralisk x2  
  128  15:04  Ultralisk, Zergling x2  
  128  15:05  Zergling x2  
  139  15:14  Ultralisk  
  139  15:16  Zergling x2  
  139  15:17  Zergling x2  
  138  15:21  Extractor  
  138  15:24  Drone  
  138  15:25  Drone x4  
  142  15:29  Overseer  
  142  15:31  Baneling x2  
  142  15:36  Infestor  
  142  15:37  Infestor  
  138  15:43  Zergling x2  
  138  15:44  Zergling x10  
  144  15:50  Infestor x2  
  144  15:52  Zergling x4  
  150  16:03  Ultralisk  
  124  16:22  Zergling x2  
Show
View Real Time Build Order
Export as new Build Order

Izanagi Protoss - Winner!

Build Orders: 1 Gate Expand 

Get SALT Encoding   

  12  0:01  Probe (Chrono Boost)  
  14  0:14  Probe (Chrono Boost)  
  14  0:20  Pylon  
  14  0:24  Probe (Chrono Boost)  
  15  0:38  Probe (Chrono Boost)  
  16  0:45  Gateway  
  16  0:49  Probe (Chrono Boost)  
  17  0:50  Assimilator  
  17  0:59  Probe (Chrono Boost)  
  18  1:10  Probe (Chrono Boost)  
  19  1:25  Nexus  
  19  1:34  Cybernetics Core  
  19  1:39  Probe (Chrono Boost)  
  20  1:49  Probe (Chrono Boost)  
  20  1:50  Assimilator  
  21  1:55  Pylon  
  21  2:00  Probe (Chrono Boost)  
  22  2:06  Warp Gate  
  22  2:09  Stalker  
  22  2:12  Probe (Chrono Boost)  
  26  2:24  Probe (Chrono Boost)  
  29  2:37  Probe (Chrono Boost)  
  29  2:38  Mothership Core (Chrono Boost)  
  29  2:47  Probe (Chrono Boost)  
  30  2:55  Adept  
  30  2:56  Probe (Chrono Boost)  
  30  2:58  Probe (Chrono Boost)  
  34  3:00  Twilight Council  
  34  3:07  Probe (Chrono Boost)  
  34  3:10  Probe (Chrono Boost)  
  36  3:18  Robotics Facility  
  36  3:19  Gateway  
  36  3:26  Gateway  
  36  3:30  Sentry  
  38  3:39  Pylon  
  38  3:41  Probe (Chrono Boost)  
  39  3:42  Probe (Chrono Boost)  
  39  3:55  Pylon  
  39  4:05  Immortal  
  39  4:08  Probe (Chrono Boost)  
  44  4:13  Probe (Chrono Boost)  
  45  4:20  Probe (Chrono Boost)  
  46  4:25  Stalker  
  46  4:26  Stalker x2  
  46  4:28  Probe (Chrono Boost)  
  46  4:30  Probe (Chrono Boost)  
  54  4:39  Probe (Chrono Boost)  
  54  4:41  Pylon  
  54  4:43  Probe (Chrono Boost)  
  56  4:47  Assimilator  
  56  4:49  Probe (Chrono Boost)  
  56  4:50  Blink, Assimilator  
  57  4:54  Probe (Chrono Boost)  
  57  4:57  Pylon  
  59  5:00  Probe (Chrono Boost)  
  59  5:04  Observer, Probe (Chrono Boost)  
  61  5:10  Probe (Chrono Boost)  
  62  5:15  Probe (Chrono Boost)  
  62  5:16  Pylon  
  62  5:20  Pylon, Stalker x2  
  67  5:23  Stalker  
  69  5:29  Probe (Chrono Boost)  
  69  5:30  Probe (Chrono Boost)  
  71  5:51  Stalker  
  73  6:02  Stargate  
  73  6:05  Stargate  
  73  6:07  Nexus, Immortal  
  73  6:09  Pylon  
  76  6:28  Robotics Bay  
  76  6:29  Gateway  
  76  6:30  Gateway  
  76  6:34  Gateway  
  76  6:38  Stalker  
  76  6:39  Stalker x2  
  82  6:47  Forge  
  82  6:49  Forge  
  82  6:53  Robotics Facility  
  82  7:01  Immortal  
  82  7:05  Pylon  
  86  7:10  Pylon  
  86  7:17  Protoss Ground Armor Level 1, Protoss Ground Weapons Level 1  
  86  7:27  Stalker x3  
  92  7:35  Disruptor  
  92  7:36  Disruptor  
  92  7:38  Pylon  
  92  7:39  Pylon  
  92  7:40  Pylon  
  98  7:45  Probe (Chrono Boost)  
  98  7:47  Probe x2 (Chrono Boost)  
  99  7:53  Adept x2  
  99  7:57  Probe (Chrono Boost)  
  106  7:59  Probe x2 (Chrono Boost)  
  106  8:07  Probe (Chrono Boost)  
  106  8:11  Probe (Chrono Boost)  
  109  8:13  Probe (Chrono Boost)  
  109  8:17  Disruptor, Dark Shrine  
  109  8:19  Disruptor  
  109  8:26  Assimilator  
  115  8:28  Assimilator  
  115  8:34  Gateway  
  115  8:37  Gateway  
  115  8:39  Gateway  
  115  8:43  Pylon  
  115  8:44  Pylon, Stalker  
  117  8:54  Immortal  
  117  8:59  Immortal  
  102  9:18  Stalker x4  
  102  9:19  Protoss Ground Weapons Level 2, Stalker  
  108  9:26  Protoss Ground Armor Level 2  
  108  9:28  Disruptor  
  108  9:34  Photon Cannon  
  108  9:35  Photon Cannon  
  112  9:38  Observer  
  112  9:54  Pylon, Dark Templar x2  
  112  9:58  Archon  
  112  9:59  Disruptor  
  92  10:29  Stalker x5  
  102  10:38  Disruptor  
  100  10:42  Disruptor  
  106  10:55  Adept x2  
  106  10:56  Adept x4  
  118  11:00  Adept  
  118  11:01  Pylon  
  118  11:02  Resonating Glaives  
  120  11:15  Dark Templar x2  
  120  11:17  Nexus, Adept  
  126  11:18  Adept  
  126  11:20  Archon  
  128  11:26  Stalker x2  
  124  11:46  Stalker x3  
  124  11:47  Stalker x2  
  123  11:58  Disruptor  
  123  12:03  Disruptor  
  123  12:07  Adept x3  
  123  12:08  Adept  
  137  12:09  Adept  
  137  12:10  Adept  
  104  12:35  Immortal  
  97  12:40  Immortal  
  95  13:02  Dark Templar x2  
  95  13:03  Dark Templar x2  
  103  13:07  Dark Templar x2  
  103  13:08  Dark Templar  
  103  13:12  Dark Templar  
  105  13:13  Archon  
  105  13:14  Observer, Zealot  
  108  13:21  Archon  
  108  13:30  Immortal  
  108  13:34  Immortal  
  114  13:59  Stalker x5  
  114  14:00  Stalker x3  
  128  14:09  Immortal  
  128  14:11  Assimilator  
  128  14:13  Assimilator  
  132  14:24  Pylon  
  132  14:34  Dark Templar x2  
  132  14:35  Dark Templar  
  134  14:40  Pylon  
  134  14:41  Dark Templar, Archon  
  113  15:09  Dark Templar x2  
  113  15:11  Archon  
  117  15:15  Immortal x2  
  117  15:17  Archon  
  117  15:21  Zealot x3  
  127  15:28  Probe x3 (Chrono Boost)  
  135  15:29  Probe (Chrono Boost)  
  135  15:44  Dark Templar  
  135  15:45  Dark Templar  
  135  15:47  Stalker x2  
  143  15:50  Archon  
  143  15:58  Observer x2  
  124  16:16  Stalker x2  
  124  16:17  Stalker x3  
  122  16:41  Zealot, Dark Templar x3  
Tags
 
Add a new tag
Caveats
  • Supply blocks, unpowered buildings, or Contaminate may cause inaccurate times.
  • Supply counts are checked every 10 seconds.